 Dungeon Crawl Stone Soup version 0.30-a0-862-g1aabd4f (webtiles) character file.

Game seed: 14940659327930625641

21633 Illumine the Grappler (level 12, -1/184 HPs)
             Began as a Troll Monk on Mar 9, 2023.
             Slain by a small abomination (11 damage)
             ... on level 5 of the Lair of Beasts.
             The game lasted 00:13:43 (8298 turns).

Illumine the Grappler (Troll Monk)                  Turns: 8298, Time: 00:13:43

Health: -1/184     AC: 26    Str: 26    XL:     12   Next: 55%
Magic:  11/11      EV:  1    Int:  8    God:
Gold:   601        SH:  0    Dex: 18    Spells: 11/11 levels left

rFire   . . .      SeeInvis .      - Unarmed
rCold   . . .      Faith    .    (no shield)
rNeg    + . .      Spirit   .    r - melded +0 shadow dragon scales
rPois   +          Reflect  .    (helmet currently unavailable)
rElec   .          Rampage  .    (cloak currently unavailable)
rCorr   .          NoTele   +    (gloves unavailable)
Will    +....                    (boots unavailable)
Stlth   ++                       (no amulet)
HPRegen 0.00/turn                z - ring of Vimmeono {Contam rPois rN+ Will+ Int+2}
MPRegen 0.12/turn                c - +6 ring of dexterity

@: tree-form (expiring), sick
A: stationary, stasis, torment immunity, boosted hp, large, unfitting armour,
(claws 3), regeneration 1, (shaggy fur 1), (tough skin 1)
a: no special abilities


You were on level 5 of the Lair of Beasts.
You were a tree.
You visited 2 branches of the dungeon, and saw 13 of its levels.
You also visited: Volcano.

You collected 601 gold pieces.

Inventory:

Missiles
 l - 3 atropa-tipped darts (quivered)
 H - 4 javelins
Armour
 a - a +0 robe
 r - +0 shadow dragon scales (melded)
Jewellery
 c - a +6 ring of dexterity (right branch)
 z - the ring of Vimmeono (left branch) {Contam rPois rN+ Will+ Int+2}
   (You found it on level 7 of the Dungeon)

   [ring of positive energy]

   Int:       It affects your intelligence (+2).
   rPois:     It protects you from poison.
   rN:        It protects you from negative energy.
   Contam:    It causes magical contamination when unequipped.
   Will:      It increases your willpower.
 C - a ring of positive energy
 E - a ring of ice
Wands
 t - a wand of polymorph (12)
 v - a wand of roots (16)
 y - a wand of flame (6)
 K - a wand of paralysis (4)
Scrolls
 d - 2 scrolls of torment
 e - 2 scrolls of vulnerability
 i - a scroll of blinking
 m - a scroll of noise {unknown}
 o - 2 scrolls of magic mapping
 p - a scroll of teleportation {unknown}
 q - a scroll of enchant weapon {unknown}
 u - a scroll of fog {unknown}
 x - a scroll of poison {unknown}
 A - 2 scrolls of brand weapon {unknown}
 B - a scroll of enchant armour {unknown}
 G - a scroll of acquirement {unknown}
 I - a scroll of silence
 J - a scroll of fear
Potions
 b - 3 potions of ambrosia
 f - 2 potions of lignification
 g - 2 potions of flight
 h - 3 potions of magic
 j - 2 potions of haste {unknown}
 k - a potion of resistance
 n - a potion of heal wounds
 s - 7 potions of curing
 w - 7 potions of attraction
 D - a potion of mutation {unknown}
 F - 2 potions of might {unknown}


   Skills:
 + Level 9.1 Fighting
 + Level 4.6 Throwing
 + Level 8.4 Armour
 - Level 3.0 Dodging
 - Level 1.0 Stealth
 + Level 13.9 Unarmed Combat
 + Level 3.7 Evocations


You had 11 spell levels left.
You didn't know any spells.
Your spell library contained the following spells:

 Spells                   Type           Power      Damage    Failure   Level
 Apportation              Tloc           0%         N/A       41%         1
 Beastly Appendage        Tmut           0%         N/A       41%         1
 Necrotise                Necr           0%         1d4       41%         1
 Summon Small Mammal      Summ           0%         N/A       41%         1
 Ensorcelled Hibernation  Hex/Ice        0%         N/A       54%         2
 Lesser Beckoning         Tloc           0%         N/A       54%         2
 Wereblood                Tmut           0%         N/A       54%         2
 Gell's Gravitas          Tloc           0%         N/A       78%         3
 Ignite Poison            Fire/Tmut/Pois 0%         N/A       78%         3
 Spider Form              Tmut/Pois      0%         N/A       78%         3
 Teleport Other           Tloc           0%         N/A       78%         3
 Anguish                  Hex/Necr       0%         N/A       99%         4
 Sticky Flame             Conj/Fire      0%         2d3       99%         4
 Summon Forest            Summ/Tloc      0%         N/A       100%        5
 Summon Mana Viper        Hex/Summ       0%         N/A       100%        5
 Summon Cactus Giant      Summ           0%         N/A       100%        6
 Ignition                 Fire           0%         3d3       100%        8


Dungeon Overview and Level Annotations

Branches:
Dungeon (8/15)             Temple (0/1) D:7            Lair (5/5) D:8
 Shoals (0/4) Lair:3      Volcano (visited)
  Snake: Lair:2-3    Spider: Lair:2-3     Slime: Lair:4-5

Altars:
Ashenzari
Fedhas
Hepliaklqana
Qazlal
Trog
Wu Jian
Xom
Yredelemnul
Zin

Shops:
D:5 [*

Annotations:
D:4 1 runed translucent door, Dega's ghost, novice SpHu
Lair:1 1 runed translucent door, 2 transporters, AlexanderH's ghost, journeyman DrEE
Lair:4 exclusion: oklob plant


Innate Abilities, Weirdness & Mutations

You are a tree.
Your roots penetrate the ground, keeping you stationary.
You cannot be teleported.
You are immune to unholy pain and torment.
Your maximum health is greatly increased.
Your equipment is partially melded.
You are too large for most types of armour.
((You have claws for hands.))
Your natural rate of healing is unusually fast.
((You are covered in fur. (AC +1)))
((You have tough skin. (AC +1)))


Message History

You pummel the blink frog!!
The blink frog is almost dead.
Your transformation is almost over.
The blink frog blinks!
The small abomination hits you but does no damage. x2
You hit the blink frog.
You kill the blink frog!
The small abomination hits you but does no damage.
You feel ill.
The blink frog blinks!
Unknown command.
You smack the small abomination!
The small abomination is moderately damaged.
The small abomination hits you.
* * * LOW HITPOINT WARNING * * *
The small abomination hits you!
* * * LOW HITPOINT WARNING * * *
You feel ill.
You feel much better.
The blink frog blinks!
The small abomination hits you!
* * * LOW HITPOINT WARNING * * *
The small abomination hits you!
* * * LOW HITPOINT WARNING * * *
Unknown command.
You feel much better. The small abomination hits you.
* * * LOW HITPOINT WARNING * * *
The small abomination hits you!
* * * LOW HITPOINT WARNING * * *
Unknown command.
You hit the small abomination.
The small abomination is lightly damaged.
The small abomination hits you but does no damage.
You smack the small abomination!
The small abomination is heavily damaged.
The small abomination hits you!
* * * LOW HITPOINT WARNING * * *
The ancient zyme hits you!
* * * LOW HITPOINT WARNING * * *
The ancient zyme hits you.
* * * LOW HITPOINT WARNING * * *
The small abomination hits you!
You die...

♣♣♣♣*♣♣♣♣♣* ♣♣♣..♣♣..÷!)♣♣♣♣ ***
*** ........♣♣.....♣♣♣♣ *,***,**
.....♣♣♣**♣.......♣♣ **,,,,,,
♣♣†.♣♣♣♣♣ **♣......♣♣ **,,,,,
♣♣..♣♣.♣♣♣♣♣..Fxx..♣♣♣ **,,,,,
*♣.......♣♣...♣♣♣xx...♣****,,,***
♣....♣.......♣♣♣♣♣♣....♣*,,,***
..♣♣♣♣♣♣♣.♣♣♣♣******♣...*,,**
..** ♣♣♣ ***∩,*****♣.,,,** **
♣.,** ***,,,,,,******,,,** *,
♣*,,* *,,,_,,,***,****,,,***,
*,,**********,,,,,* *,,,***,,,**,
**,,,**,,,***,,******,,,***,,,,,,
♣*,,,,,,*,,,,,,* **,,,**,,,,,,,,


You could see an ancient zyme, a blink frog and 3 small abominations.

Vanquished Creatures
  Fannar (Lair:1)
  A boulder beetle (Lair:4)
  A two-headed ogre (Volcano)
  A lindwurm (Lair:4)
  A shining eye (shapeshifter) (Lair:5)
  3 elephants (Lair:3)
  Joseph (D:7)
  4 black mambas
  8 cane toads
  5 komodo dragons
  Prince Ribbit (D:7)
  17 blink frogs
  Sigmund (D:5)
  3 ynoxinuls (Lair:5)
  A wyvern (Lair:3)
  6 fire bats (Volcano)
  15 yaks
  A steam dragon (D:6)
  5 basilisks
  7 water moccasins
  5 small abominations (Lair:5)
  An orc warrior (D:6)
  2 black bears
  An ice beast (D:5)
  5 ogres
  A centaur (D:8)
  4 phantoms
  3 wolves (Lair:3)
  9 bullfrogs
  A gnoll sergeant (D:5)
  A scorpion (D:8)
  14 wights
  2 howler monkeys (D:5)
  3 electric eels
  5 lava snakes (Volcano)
  3 jellies
  2 orc priests (D:6)
  A hound (D:4)
  Jessica (D:3)
  4 iguanas
  2 sleepcaps
  An orc wizard (D:6)
  9 gnolls
  9 adders
  2 ufetubi (D:6)
  A worm (D:3)
  A dart slug (D:1)
  8 orcs
  3 ball pythons
  3 bats (D:2)
  7 endoplasms
  5 giant cockroaches
  6 goblins
  6 hobgoblins
  3 quokkas
  3 frilled lizards
  8 kobolds
  8 rats
236 creatures vanquished.

Vanquished Creatures (others)
  31 fungi
  34 plants
65 creatures vanquished.

Grand Total: 301 creatures vanquished

Notes
Turn   | Place    | Note
-------+----------+-------------------------------------------
     0 | D:1      | Illumine the Troll Monk began the quest for the Orb.
     0 | D:1      | Reached XP level 1. HP: 22/22 MP: 0/0
   308 | D:1      | Reached XP level 2. HP: 29/29 MP: 1/1
   711 | D:2      | Found a faded altar of an unknown god.
   718 | D:2      | Reached XP level 3. HP: 33/36 MP: 2/2
   826 | D:2      | Reached skill level 4 in Unarmed Combat
   830 | D:2      | Reached XP level 4. HP: 35/44 MP: 3/3
  1151 | D:3      | Found a bloodstained altar of Trog.
  1357 | D:3      | Found a blossoming altar of Fedhas.
  1419 | D:3      | Found an ornate altar of the Wu Jian Council.
  1420 | D:3      | Found the +2 ratskin cloak {*Rats rPois rN+ Str-1 Int-1
                  | Dex+1}
  1585 | D:3      | Found a glowing silver altar of Zin.
  1660 | D:3      | Found a broken altar of Ashenzari.
  1666 | D:3      | Noticed Jessica
  1677 | D:3      | Killed Jessica
  2083 | D:4      | Found a runed translucent door.
  2086 | D:4      | Noticed Dega's ghost (novice SpHu)
  2180 | D:4      | Reached XP level 5. HP: 53/53 MP: 4/4
  2270 | D:4      | Found a hazy altar of Hepliaklqana.
  2475 | D:4      | Reached skill level 1 in Armour
  2593 | D:4      | Noticed a phantom
  2618 | D:4      | Killed a phantom
  2619 | D:4      | Reached skill level 5 in Unarmed Combat
  2619 | D:4      | Reached XP level 6. HP: 61/61 MP: 5/5
  2969 | D:5      | Entered Level 5 of the Dungeon
  3284 | D:5      | Noticed a vampire mosquito
  3318 | D:4      | Reached skill level 6 in Unarmed Combat
  3318 | D:4      | Reached XP level 7. HP: 61/68 MP: 6/6
  3343 | D:5      | Noticed Sigmund
  3351 | D:5      | Killed Sigmund
  3365 | D:5      | Reached skill level 7 in Unarmed Combat
  3471 | D:5      | Reached XP level 8. HP: 75/79 MP: 7/7
  3547 | D:5      | Found Pucogaas's Antique Armour Shoppe.
  3761 | D:5      | Found Zyottere's Assorted Antiques.
  3835 | D:5      | Reached skill level 8 in Unarmed Combat
  3865 | D:6      | Reached skill level 5 in Fighting
  4058 | D:6      | Reached XP level 9. HP: 62/88 MP: 8/8
  4063 | D:6      | Reached skill level 9 in Unarmed Combat
  4582 | D:6      | Found a stormy altar of Qazlal.
  4582 | D:6      | Found a basalt altar of Yredelemnul.
  4650 | D:7      | Reached skill level 5 in Armour
  4692 | D:7      | Identified the ring of Vimmeono {Contam rPois rN+ Will+
                  | Int+2}
  4820 | D:7      | Noticed Joseph
  4825 | D:7      | Killed Joseph
  4826 | D:7      | Reached skill level 10 in Unarmed Combat
  4845 | D:7      | Found a staircase to the Ecumenical Temple.
  4885 | D:7      | Noticed Prince Ribbit
  4899 | D:7      | Killed Prince Ribbit
  4914 | D:8      | Noticed a komodo dragon
  4934 | D:8      | Killed a komodo dragon
  4935 | D:8      | Reached XP level 10. HP: 82/100 MP: 9/9
  4964 | D:8      | Found a staircase to the Lair.
  4987 | D:8      | Reached skill level 11 in Unarmed Combat
  5023 | Lair:1   | Entered Level 1 of the Lair of Beasts
  5197 | Lair:1   | Noticed Fannar
  5210 | Lair:1   | Killed Fannar
  5394 | Lair:1   | Found a dark tunnel.
  5403 | Volcano  | Entered a volcano
  5438 | Volcano  | Reached skill level 12 in Unarmed Combat
  5532 | Volcano  | Noticed a two-headed ogre
  5532 | Volcano  | Noticed a two-headed ogre
  5542 | Volcano  | Noticed a red draconian
  5543 | Volcano  | Killed a two-headed ogre
  5543 | Volcano  | Noticed a two-headed ogre
  5544 | Volcano  | Reached XP level 11. HP: 95/109 MP: 10/10
  5546 | Volcano  | Noticed an ogre mage
  5757 | Lair:1   | Found a runed translucent door.
  5758 | Lair:1   | Found a shimmering altar of Xom.
  5758 | Lair:1   | Noticed AlexanderH's ghost (journeyman DrEE)
  5759 | Lair:1   | Noticed a +0 flail of chaos
  5821 | Lair:1   | Found a transporter.
  6017 | Lair:1   | Found a transporter.
  6023 | Lair:1   | Noticed a swamp dragon
  6308 | Lair:2   | Reached skill level 13 in Unarmed Combat
  6375 | Lair:3   | Found a staircase to the Shoals.
  6413 | Lair:3   | Reached skill level 1 in Throwing
  6525 | Lair:3   | Reached skill level 1 in Evocations
  7164 | Lair:4   | Reached XP level 12. HP: 122/122 MP: 11/11
  7203 | Lair:4   | Noticed a boulder beetle
  7212 | Lair:4   | Killed a boulder beetle
  8020 | Lair:5   | Entered Level 5 of the Lair of Beasts
  8298 | Lair:5   | Slain by a small abomination

Illustrated notes

Levels and vault maps discovered:
D:1:      dpeg_arrival_windows_large_door, layout_loops_ring
D:2:      layout_basic, hellmonk_ecumenical_altar_blasted
D:3:      wad_lake_hut, layout_basic, nicolae_wu_jian_immortal_techniques,
          lemuel_crystal_altar, mainiacjoe_overflow_brackets, fedhas_altar_4,
          nicolae_ashenzari_skybound, chequers_jeans, uniq_jessica
D:4:      layout_layer_cave, mainiacjoe_overflow_surrounded_room,
          ebering_ghost_sewer_d
D:5:      layout_loops_ring, serial_shops, shop_fountains,
          nicolae_shop_overgrown_old_shop, lightli_corner_chamber, uniq_sigmund
D:6:      layout_rooms, nicolae_overflow_two_pavilions
D:7:      layout_basic, kennysheep_little_box, lemuel_temple_firewalk_b,
          hangedman_abyss_or_decor_stagger, uniq_joseph, uniq_prince_ribbit1
D:8:      layout_loops_ring, kennysheep_okawaru_gauntlet, tgw_sif,
          due_lair_maze_entry_diamond
Lair:1:   gammafunk_cloud_chamber, layout_chaotic_city,
          lightli_volcano_entry_magma_tube, ebering_ghost_xom,
          lemuel_fruit_tree, uniq_fannar
Lair:2:   layout_gridlike, nicolae_snake_entry_squirm, serial_forest,
          infiniplex_forest_straight_5, infiniplex_forest_straight_2,
          infiniplex_forest_fountain, infiniplex_forest_straight_1,
          infiniplex_forest_lined_room_3, infiniplex_forest_end_1,
          infiniplex_forest_lined_3, patterned_corridor
Lair:3:   layout_layer_cave, shoals_dummy_entry, serial_bayou_shore_a,
          grunt_megastairs_1
Lair:4:   dreamdust_cave_troll, layout_gridlike,
          minmay_slime_entry_oklob_enclosed, grunt_megastairs_3
Lair:5:   hellmonk_lair_end_abyssal_woods, layout_gridlike,
          gammafunk_ghost_ooze, fungi_pond_lemuel

Skill      XL: |  1  2  3  4  5  6  7  8  9 10 11 12 |
---------------+-------------------------------------+-----
Unarmed Combat | 4 5 6 7 8 10 12 13 | 13.9
Fighting       | 3 4 5 6 7 8 9 |  9.1
Dodging        | 3 |  3.0
Armour         | 1 2 3 4 5 6 7 8 |  8.4
Throwing       | 3 4 |  4.6
Evocations     | 2 3 |  3.7
Stealth        | |  1.0

Action                     |  1- 3 |  4- 6 |  7- 9 | 10-12 || total
---------------------------+-------+-------+-------+-------++-------
  Melee: Unarmed           |    64 |   102 |   192 |   381 ||   739
         Punch             |       |     2 |     8 |    26 ||    36
  Throw: Throwing net      |       |     1 |       |       ||     1
  Evoke: Wand              |       |       |       |     6 ||     6
    Use: Scroll            |       |       |     7 |     9 ||    16
         Potion            |       |       |       |     5 ||     5
   Stab: Sleeping          |     3 |     9 |     7 |     5 ||    24
         Held in net/web   |       |     1 |       |       ||     1
         Distracted        |       |       |       |     1 ||     1
 Armour: Robe              |    19 |     9 |       |       ||    28
         Shadow dragon sca |       |    60 |   135 |   200 ||   395
         Skin              |       |       |       |    39 ||    39
  Dodge: Dodged            |    30 |    28 |    52 |   121 ||   231

Table legend: (Time is in decaauts)
 A = Elapsed time spent in this place.
 B = Non-inter-level travel time spent in this place.
 C = Inter-level travel time spent in this place.
 D = Time resting spent in this place.
 E = Time spent auto-exploring this place.
 F = Levels seen in this place.
 G = Mean time per level.
                   A        B        C        D        E       F      G
               +--------+--------+--------+--------+--------+-----+--------+
         Total |   8170 |   7752 |    418 |    584 |   5065 |  14 |  583.6 |
       Dungeon |   5049 |   4756 |    293 |    343 |   3292 |   8 |  631.1 |
          Lair |   2933 |   2808 |    125 |    215 |   1742 |   5 |  586.6 |
       Volcano |    188 |    188 |      0 |     26 |     31 |   1 |  188.0 |
               +--------+--------+--------+--------+--------+-----+--------+

Top non-repeatable levels by time:
     D:4: 1309 daAuts
  Lair:4: 1012 daAuts
  Lair:1: 944 daAuts
     D:3: 877 daAuts
     D:6: 736 daAuts
     D:1: 633 daAuts
  Lair:3: 617 daAuts
     D:5: 546 daAuts
     D:2: 488 daAuts
     D:7: 283 daAuts
  Lair:5: 240 daAuts
 Volcano: 188 daAuts
     D:8: 174 daAuts
  Lair:2: 118 daAuts
